 Dungeon Crawl Stone Soup version 0.26.1-10-gdfb7c7de75 (webtiles) character file.

Game seed: 13717702212458414361

333474 Almogavar the Bludgeoner (level 21, -2/165 HPs)
             Began as a Gnoll Wanderer on Apr 1, 2021.
             Was the Champion of Okawaru.
             Splashed by a deep elf sorcerer's acid (11 damage)
             ... on level 1 of the Elven Halls on Apr 2, 2021.
             The game lasted 03:53:22 (61325 turns).

Almogavar the Bludgeoner (Gnoll Wanderer)          Turns: 61325, Time: 03:53:23

Health: -2/165     AC: 26    Str: 34      XL:     21   Next: 40%
Magic:  23/39      EV: 26    Int: 23 (24) God:    Okawaru [******]
Gold:   2128       SH: 23    Dex: 22      Spells: 40/48 levels left

rFire    + + +     SeeInvis .   D - +6 broad axe of Eternal Night {flame, rF+ Will+ Str+3 Int+2}
rCold    + + .     Faith    .   y - +5 kite shield {rF+}
rNeg     . . .     Spirit   .   n - +5 chain mail of Pride {rC+ Str+4 Dex+4}
rPois    +         Reflect  .   Y - +2 helmet
rElec    .         Harm     .   U - scarf {+Inv}
rCorr    .         Rampage  .   W - +1 pair of gloves
Will     +++..     Clarity  +   R - +2 pair of boots {Fly} Stlth +++++.....Rnd*Tele +
                                A - amulet "Quir" {RegenMP +Blink rF++ rC+ Stlth-}
HPRegen  0.37/turn              f - ring "Xamayblera" {rPois Str+4 Int+5 Stlth+}
MPRegen  0.51/turn              K - ring of Vehumet's Displeasure {rF+ Will+}

@: heroism, flying, very slightly contaminated, studying Translocations,
invisible
A: distributed training, fangs 1, clarity, clever 2, deformed body,
deterioration 2, teleportitis 1, strong nose
}: 3/15 runes: serpentine, barnacled, slimy
a: Stop Flying, Renounce Religion, Evoke Blink, Evoke Invisibility, Heroism,
Finesse


You were on level 1 of the Elven Halls.
You worshipped Okawaru.
Okawaru was exalted by your worship.
You visited 7 branches of the dungeon, and saw 37 of its levels.

You collected 4080 gold pieces.
You spent 1952 gold pieces at shops.

Inventory:

Hand Weapons
 t - the +11 broad axe of Insomnia {flame, *Contam rN+ Stlth+}
   (Okawaru gifted it to you on level 2 of the Pits of Slime)

   It has been specially enchanted to burn those struck by it, causing extra
   injury to most foes and up to half again as much damage against particularly
   susceptible opponents.
   Big, fiery blades are also staple armaments of hydra-hunters.
   It protects you from negative energy.
   It causes magical contamination when unequipped.
   It makes you more stealthy.
 D - the +6 broad axe of Eternal Night (weapon) {flame, rF+ Will+ Str+3 Int+2}
   (You found it on level 5 of the Pits of Slime)

   It has been specially enchanted to burn those struck by it, causing extra
   injury to most foes and up to half again as much damage against particularly
   susceptible opponents.
   Big, fiery blades are also staple armaments of hydra-hunters.
   It affects your strength (+3).
   It affects your intelligence (+2).
   It protects you from fire.
   It affects your willpower, your defense against some magical effects.
 Z - a +3 flail of protection
Missiles
 I - 43 silver javelins (quivered)
 V - 36 poisoned darts
Armour
 n - the +5 chain mail of Pride (worn) {rC+ Str+4 Dex+4}
   (You found it on level 12 of the Dungeon)

   It affects your strength (+4).
   It affects your dexterity (+4).
   It protects you from cold.
 p - the +7 tower shield of Prudence {Dex+2 Slay+4}
   (You took it off Louise on level 4 of the Snake Pit)

   It affects your dexterity (+2).
   It affects your accuracy and damage with ranged weapons and melee attacks
   (+4).
 y - a +5 kite shield of fire resistance (worn)
 z - a +3 plate armour of poison resistance
 H - a +3 plate armour of cold resistance
 R - a +2 pair of boots of flying (worn)
 U - a scarf of invisibility (worn)
 W - a +1 pair of gloves (worn)
 Y - a +2 helmet (worn)
Jewellery
 e - the ring "Pimybowa" {rF+ MP+9 Dex+5 SInv}
   (You found it on level 15 of the Dungeon)

   [ring of protection from fire]

   It affects your dexterity (+5).
   It protects you from fire.
   It affects your magic capacity (+9).
   It lets you see invisible.
 f - the ring "Xamayblera" (left hand) {rPois Str+4 Int+5 Stlth+}
   (You acquired it on level 1 of the Snake Pit)

   [ring of poison resistance]

   It affects your strength (+4).
   It affects your intelligence (+5).
   It protects you from poison.
   It makes you more stealthy.
 u - an uncursed ring of positive energy
 x - the ring "Kegyqu" {rF+ MP+9 Int-4 SInv Stlth-}
   (You found it on level 5 of the Pits of Slime)

   [ring of attention]

   It affects your intelligence (-4).
   It protects you from fire.
   It affects your magic capacity (+9).
   It lets you see invisible.
   It makes you less stealthy.
 A - the amulet "Quir" (around neck) {RegenMP +Blink rF++ rC+ Stlth-}
   (You acquired it on level 14 of the Dungeon)

   [amulet of magic regeneration]

   It increases your magic regeneration.
   It greatly protects you from fire.
   It protects you from cold.
   It lets you blink.
   It makes you less stealthy.
 K - the ring of Vehumet's Displeasure (right hand) {rF+ Will+}
   (You found it on level 1 of the Lair of Beasts)

   [ring of protection from fire]

   It protects you from fire.
   It affects your willpower, your defense against some magical effects.
 L - a +6 ring of strength
 M - the ring of Poeg {Fire rElec rN+}
   (You found it on level 5 of the Pits of Slime)

   [ring of fire]

   It enhances your fire magic.
   It protects you from fire.
   It makes you vulnerable to cold.
   It insulates you from electricity.
   It protects you from negative energy.
 P - the ring "Teevook" {Wiz rN+}
   (You found it on level 15 of the Dungeon)

   [ring of wizardry]

   It improves your spell success rate.
   It protects you from negative energy.
 T - an uncursed ring of resist corrosion
 X - an uncursed ring of magical power
Wands
 a - a wand of flame (56)
 i - a wand of disintegration (28)
Scrolls
 d - 9 scrolls of remove curse
 g - 9 scrolls of teleportation
 j - 9 scrolls of fear
 k - 5 scrolls of magic mapping
 l - 7 scrolls of enchant weapon
 m - 3 scrolls of amnesia
 r - a scroll of summoning
 s - 3 scrolls of blinking
 v - 13 scrolls of identify
 E - 8 scrolls of fog
 G - 2 scrolls of holy word
 J - a scroll of enchant armour
 Q - 2 scrolls of silence
Potions
 b - 4 potions of cancellation
 c - 13 potions of curing
 h - 10 potions of haste
 q - 2 potions of resistance
 w - 3 potions of heal wounds
 C - 4 potions of might
Books
 F - a manual of Translocations
Miscellaneous
 B - a lightning rod (4/4)
 O - a phantom mirror


   Skills:
 + Level 14.1(19.1) Fighting
 + Level 14.0(19.0) Short Blades
 + Level 14.0(19.0) Long Blades
 + Level 14.5(19.5) Axes
 + Level 15.1(20.1) Maces & Flails
 + Level 14.0(19.0) Polearms
 + Level 14.0(19.0) Staves
 + Level 14.0(19.0) Slings
 + Level 14.0(19.0) Bows
 + Level 14.0(19.0) Crossbows
 + Level 14.1(19.1) Throwing
 + Level 14.5(19.5) Armour
 + Level 14.0(19.0) Dodging
 + Level 14.0(19.0) Stealth
 + Level 14.0(19.0) Shields
 + Level 14.0(19.0) Unarmed Combat
 + Level 14.0 Spellcasting
 + Level 12.0 Conjurations
 + Level 12.0 Hexes
 + Level 12.0 Summonings
 + Level 12.0 Necromancy
 + Level 12.8 Translocations
 + Level 12.0 Transmutations
 + Level 12.0 Fire Magic
 + Level 12.0 Ice Magic
 + Level 12.0 Air Magic
 + Level 12.0 Earth Magic
 + Level 12.0 Poison Magic
 + Level 15.0 Invocations
 + Level 14.1 Evocations


You had 40 spell levels left.
You knew the following spells:

 Your Spells              Type           Power        Failure   Level
a - Blink                 Tloc           N/A          1%          2
b - Animate Skeleton      Necr           100%         1%          1
c - Bolt of Magma         Conj/Fire/Erth 32%          1%          5

Your spell library contained the following spells:

 Spells                   Type           Power        Failure   Level
 Apportation              Tloc           100%         1%          1
 Beastly Appendage        Tmut           100%         1%          1
 Corona                   Hex            71%          1%          1
 Foxfire                  Conj/Fire      100%         1%          1
 Magic Dart               Conj           100%         1%          1
 Pain                     Necr           100%         1%          1
 Sandblast                Erth           100%         1%          1
 Shock                    Conj/Air       100%         1%          1
 Sting                    Tmut/Pois      100%         1%          1
 Summon Small Mammal      Summ           100%         1%          1
 Call Imp                 Summ           64%          1%          2
 Corpse Rot               Necr/Air       N/A          1%          2
 Passwall                 Tmut/Erth      53%          1%          2
 Poisonous Vapours        Pois/Air       100%         1%          2
 Slow                     Hex            64%          1%          2
 Sublimation of Blood     Necr           32%          1%          2
 Swiftness                Air            64%          1%          2
 Wereblood                Tmut           64%          1%          2
 Conjure Flame            Conj/Fire      64%          1%          3
 Ignite Poison            Fire/Tmut/Pois 64%          1%          3
 Inner Flame              Hex/Fire       64%          1%          3
 Mephitic Cloud           Conj/Pois/Air  64%          1%          3
 Spider Form              Tmut/Pois      32%          1%          3
 Static Discharge         Conj/Air       64%          1%          3
 Stone Arrow              Conj/Erth      100%         1%          3
 Vampiric Draining        Necr           32%          1%          3
 Airstrike                Air            32%          1%          4
 Animate Dead             Necr           32%          1%          4
 Cause Fear               Hex            32%          1%          4
 Ice Form                 Ice/Tmut       64%          1%          4
 Leda's Liquefaction      Hex/Erth       32%          1%          4
 Olgreb's Toxic Radiance  Pois           64%          1%          4
 Petrify                  Tmut/Erth      64%          1%          4
 Sticky Flame             Conj/Fire      64%          1%          4
 Agony                    Necr           64%          1%          5
 Alistair's Intoxication  Tmut/Pois      42%          1%          5
 Blade Hands              Tmut           32%          1%          5
 Borgnjor's Vile Clutch   Necr/Erth      32%          1%          5
 Fireball                 Conj/Fire      32%          1%          5
 Irradiate                Conj/Tmut      32%          1%          5
 Iskenderun's Battlesphe  Conj           64%          1%          5
 Lee's Rapid Deconstruct  Erth           32%          1%          5
 Lightning Bolt           Conj/Air       32%          1%          5
 Silence                  Hex/Air        32%          1%          5
 Summon Forest            Summ/Tloc      32%          1%          5
 Yara's Violent Unravell  Hex/Tmut       32%          1%          5
 Death Channel            Necr           32%          10%         6
 Eringya's Noxious Bog    Tmut/Pois      32%          10%         6
 Hydra Form               Tmut           32%          10%         6
 Iron Shot                Conj/Erth      32%          10%         6
 Simulacrum               Ice/Necr       32%          10%         6
 Statue Form              Tmut/Erth      42%          10%         6
 Orb of Destruction       Conj           32%          50%         7
 Spellforged Servitor     Conj/Summ      32%          50%         7
 Summon Hydra             Summ           32%          50%         7
 Discord                  Hex            32%          99%         8
 Shatter                  Erth           32%          100%        9


Dungeon Overview and Level Annotations

Branches:
Dungeon (15/15)            Temple (0/1) D:4            Lair (6/6) D:11
 Shoals (4/4) Lair:3        Snake (4/4) Lair:4        Slime (5/5) Lair:6
    Orc (2/2) D:9             Elf (1/3) Orc:2        Vaults (0/5) D:13
 Depths (0/5) D:15

Altars:
Cheibriados
Dithmenos
Elyvilon
Fedhas
Gozag
Hepliaklqana
Makhleb
Nemelex Xobeh
Okawaru
Qazlal
Jiyva

Shops:
D:5 ?   D:10 *   D:11 [   D:15 [}=   Orc:2 *[(*(   Snake:1 [?[

Annotations:
Elf:1 Frances


Innate Abilities, Weirdness & Mutations

Your experience applies equally to all skills.
You have very sharp teeth.
Your uncanny sense of smell can sniff out nearby items.
You possess an exceptional clarity of mind.
Your mind is very acute. (Int +4)
Armour fits poorly on your strangely shaped body.
Your body often deteriorates upon taking damage.
You are occasionally teleported next to monsters.


Message History

You feel much better.
The deep elf mage gestures at you while chanting.
The stone arrow hits the deep elf sorcerer!
As you read the scroll of summoning, it crumbles to dust.
Wisps of shadow whirl around you...
The sentinel's mark upon you fades away.
The deep elf sorcerer barely misses your deep elf mage.
The deep elf sorcerer hits your deep elf mage with a +0 long sword.
You swap places.
The deep elf sorcerer gestures at you while chanting.
The bolt of acid hits your deep elf mage!!
Your deep elf mage is splashed with acid.
The bolt of acid hits your deep elf mage!!!
Your deep elf mage is splashed with acid.
Your deep elf mage dies!
Your deep elf mage's corpse dissolves into shadows!
The bolt of acid hits you!!
* * * LOW HITPOINT WARNING * * *
You are splashed with acid!
You die...

......# ..............
#+##### . .
#####..###'## ... #. .#
#).#....# ..# . .##.
#..#....# .# ..##(..#
#.)#....#
##.....#.###+#.#..#....#
.......#.......#..#....#
.......####'####..######
.......@.ee.e(..........
#
#############(####..###+
#. #.....{.e.e..(...#..#
#..#.....g.§........#..#
#..#§......§.....)..#..#
#.g#...##########(..#..#
#. '.g.# .......#...# #
g#e..# .......')..#
..#.E.# .......#...#


You could see a deep elf sorcerer (fast), a deep elf mage, a +2 vampiric short
sword (wandering) and a friendly deep elf mage (summoned).

Vanquished Creatures
  the Royal Jelly (Slime:5)
  Saint Roka (Snake:4)
  Asterion (Snake:2)
  21 acid blobs
  A sphinx (D:15)
  Ilsuiw (Shoals:3)
  Kirke (D:15)
  17 azure jellies
  7 nagarajas (Snake:4)
  Roxanne (Snake:3)
  3 frost giants
  Aizul (Snake:2)
  2 deep elf sorcerers (Elf:1)
  Louise (Snake:4)
  A deep elf demonologist (Elf:1)
  2 entropy weavers (Lair:5)
  Azrael (D:15)
  Snorg (Lair:5)
  An ettin (D:15)
  The ghost of Zomocvol the Severer, a journeyman HOBe of Trog (Lair:1)
  7 merfolk javelineers
  Josephine (Lair:5)
  8 death oozes
  5 merfolk impalers
  6 ogre magi
  12 hydras
  4 vault guards (D:15)
  3 boulder beetles
  9 great orbs of eyes
  2 catoblepae
  6 centaur warriors
  21 naga warriors
  18 anacondas
  3 merfolk avatars (Shoals:4)
  6 merfolk aquamancers (Shoals:4)
  2 alligator snapping turtles (Shoals:4)
  19 two-headed ogres
  A deep troll shaman (D:15)
  3 dancing weapons (Elf:1)
  A queen ant (Lair:4)
  A tengu warrior (D:15)
  A death knight (D:15)
  3 death yaks
  7 shock serpents
  5 naga sharpshooters
  Urug (Lair:5)
  The ghost of Uretham the Sneak, a novice OpSu of Yredelemnul (Lair:1)
  Sonja (D:12)
  2 deep elf knights (Elf:1)
  A spectral catoblepas (Lair:4)
  The ghost of destino the Fighter, a novice FeFE of Ru (Lair:4)
  2 salamander mystics
  18 sea snakes
  An unseen horror (shapeshifter) (D:15)
  4 skeletal warriors
  8 naga ritualists
  5 deep elf archers (Elf:1)
  6 unseen horrors
  A lindwurm (Lair:6)
  14 harpies
  An orc knight (D:13)
  18 deep elf magi
  5 mana vipers
  6 cyclopes
  16 manticores
  A spectral boulder beetle (Lair:4)
  10 shining eyes
  2 ugly things
  7 fauns
  2 orc sorcerers (Orc:2)
  10 salamanders
  5 merfolk sirens
  4 water nymphs
  3 elephants (Lair:6)
  42 black mambas
  15 guardian serpents
  32 naga magi
  25 cane toads
  A gargoyle (D:10)
  An eye of devastation (Slime:4)
  8 rime drakes
  An efreet (D:13)
  4 kobold demonologists (D:15)
  5 yaktaurs (D:15)
  6 komodo dragons
  Maggie (D:6)
  4 trolls
  A polar bear (Lair:2)
  3 tyrant leeches
  32 merfolk
  3 meliai (D:13)
  2 hornets
  6 wind drakes
  A wolf spider simulacrum (D:15)
  11 snapping turtles
  93 slime creatures
  25 blink frogs
  2 shadows
  Sigmund (D:6)
  A spriggan (shapeshifter) (D:15)
  2 vampires (D:15)
  A water elemental (Shoals:3)
  7 wraiths
  3 wyverns
  A hog (D:15)
  5 basilisks
  3 fire elementals
  16 humans (D:13)
  61 yaks
  8 golden eyes
  A death yak simulacrum (Lair:4)
  6 steam dragons (Lair:6)
  6 vampire mosquitoes
  5 soldier ants (Lair:5)
  66 nagas
  An acid dragon (D:13)
  17 water moccasins
  2 wargs (Orc:1)
  5 floating eyes
  3 hell hounds (D:15)
  3 ice beasts
  12 orc warriors
  A black bear (D:8)
  4 sky beasts
  8 wolves
  23 centaurs
  10 eyes of draining
  26 ogres
  22 bullfrogs
  7 big kobolds
  An earth elemental (Elf:1)
  A wyvern skeleton (D:12)
  2 scorpions
  20 killer bees
  The ghost of grovkorv the Vexing, a weakling NaAM (D:4)
  A dream sheep simulacrum (Lair:4)
  8 wights
  A torpor snail simulacrum (Lair:4)
  3 electric eels
  A howler monkey (D:8)
  3 bullfrog zombies
  A quasit (D:7)
  5 centaur zombies
  2 bullfrog skeletons
  7 hounds
  13 orc priests
  2 jellies
  A gnoll shaman (D:10)
  7 centaur skeletons
  27 orc wizards
  9 iguanas
  A hell rat (D:11)
  15 worker ants
  Ijyb (D:3)
  Natasha (thrice) (D:3)
  3 hound zombies
  2 hound skeletons
  A howler monkey zombie (D:7)
  A worker ant zombie (D:7)
  12 gnolls
  A howler monkey skeleton (D:4)
  11 adders
  2 river rats (D:11)
  2 shadow imps
  3 white imps
  2 ufetubi
  An ooze (D:2)
  An adder zombie (D:5)
  3 adder skeletons
  2 worms (D:4)
  3 dart slugs
  8 leopard geckos
  57 orcs
  5 giant cockroaches
  7 goblins (D:3)
  7 hobgoblins
  11 jackals
  8 quokkas
  7 bats
  7 frilled lizards
  A jackal skeleton (D:6)
  28 kobolds
  A leopard gecko skeleton (D:6)
  A quokka skeleton (D:4)
  7 rats
1378 creatures vanquished.

Vanquished Creatures (collateral kills)
  2 merfolk sirens (Shoals:3)
  A water nymph (Shoals:3)
  A big kobold (D:15)
4 creatures vanquished.

Vanquished Creatures (others)
  A merfolk javelineer (Shoals:3)
  A manticore (Shoals:4)
  A deep elf mage (Elf:1)
  A rime drake (Lair:6)
  A wind drake (Shoals:3)
  4 humans (D:15)
  A naga (Snake:3)
  A wight (D:15)
  An orc wizard (D:7)
  A kobold (D:15)
  29 fungi
  183 plants
  14 tentacles (Shoals:1)
  6 withered plants (Lair:1)
245 creatures vanquished.

Grand Total: 1627 creatures vanquished

Notes
Turn   | Place    | Note
-------+----------+-------------------------------------------
     0 | D:1      | Almogavar the Gnoll Wanderer began the quest for the Orb.
     0 | D:1      | Almogavar set off with the following items: a +2 mace, a +0
                  | ring mail, a potion of curing
     0 | D:1      | Reached XP level 1. HP: 17/17 MP: 1/1
   511 | D:1      | Reached XP level 2. HP: 23/23 MP: 2/2
  1061 | D:2      | Reached XP level 3. HP: 25/28 MP: 3/3
  1269 | D:2      | Reached skill level 1 in Invocations
  1722 | D:3      | Found a snail-covered altar of Cheibriados.
  1730 | D:3      | Reached skill level 1 in Short Blades
  1730 | D:3      | Reached skill level 1 in Long Blades
  1730 | D:3      | Reached skill level 1 in Polearms
  1730 | D:3      | Reached skill level 1 in Staves
  1730 | D:3      | Reached skill level 1 in Slings
  1730 | D:3      | Reached skill level 1 in Bows
  1730 | D:3      | Reached skill level 1 in Crossbows
  1730 | D:3      | Reached skill level 1 in Dodging
  1730 | D:3      | Reached skill level 1 in Stealth
  1730 | D:3      | Reached skill level 1 in Shields
  1730 | D:3      | Reached skill level 1 in Unarmed Combat
  1730 | D:3      | Reached skill level 1 in Spellcasting
  1778 | D:3      | You fall into a shaft and drop 2 floors!
  1778 | D:5      | Entered Level 5 of the Dungeon
  1789 | D:5      | Reached XP level 4. HP: 26/34 MP: 5/5
  1804 | D:5      | Noticed an ogre
  1949 | D:4      | Found a stormy altar of Qazlal.
  1950 | D:4      | Found an opulent altar of Gozag.
  1952 | D:4      | Found a shadowy altar of Dithmenos.
  1972 | D:4      | Reached skill level 1 in Conjurations
  1972 | D:4      | Reached skill level 1 in Hexes
  1972 | D:4      | Reached skill level 1 in Summonings
  1972 | D:4      | Reached skill level 1 in Necromancy
  1972 | D:4      | Reached skill level 1 in Translocations
  1972 | D:4      | Reached skill level 1 in Transmutations
  1972 | D:4      | Reached skill level 1 in Fire Magic
  1972 | D:4      | Reached skill level 1 in Ice Magic
  1972 | D:4      | Reached skill level 1 in Air Magic
  1972 | D:4      | Reached skill level 1 in Earth Magic
  1972 | D:4      | Reached skill level 1 in Poison Magic
  2031 | D:4      | Reached XP level 5. HP: 36/40 MP: 6/6
  2121 | D:4      | Found a large runed translucent door.
  2121 | D:4      | Found a large runed translucent door.
  2254 | D:4      | Reached XP level 6. HP: 31/47 MP: 8/8
  2718 | D:3      | Reached skill level 5 in Axes
  2718 | D:3      | Reached skill level 5 in Armour
  2896 | D:3      | Noticed Ijyb
  2913 | D:3      | Killed Ijyb
  3204 | D:3      | Noticed Natasha
  3214 | D:3      | Killed Natasha
  3252 | D:3      | Noticed Natasha
  3256 | D:3      | Killed Natasha
  3257 | D:3      | Reached XP level 7. HP: 52/52 MP: 10/10
  3279 | D:3      | Noticed Natasha
  3284 | D:3      | Killed Natasha
  3314 | D:3      | Found a sparkling altar of Nemelex Xobeh.
  3314 | D:3      | Found an iron altar of Okawaru.
  3322 | D:3      | Became a worshipper of Warmaster Okawaru
  3417 | D:4      | Noticed grovkorv's ghost (weakling NaAM)
  3493 | D:4      | Found a burning altar of Makhleb.
  3997 | D:4      | Found a staircase to the Ecumenical Temple.
  4120 | D:4      | Killed grovkorv's ghost
  4192 | D:5      | Reached * piety under Okawaru
  4193 | D:5      | Reached XP level 8. HP: 36/60 MP: 12/12
  4415 | D:5      | Found a shadowy altar of Dithmenos.
  4530 | D:5      | Found Feohat's Magic Scroll Boutique.
  4536 | D:5      | Bought a scroll of blinking for 90 gold pieces
  4874 | D:5      | Found a blossoming altar of Fedhas.
  5002 | D:5      | Reached ** piety under Okawaru
  5546 | D:6      | Reached XP level 9. HP: 62/66 MP: 14/14
  5622 | D:6      | Found a hazy altar of Hepliaklqana.
  5843 | D:6      | Identified the Volume of the Locust
  6072 | D:6      | Noticed Maggie
  6082 | D:6      | Killed Maggie
  6082 | D:6      | Reached *** piety under Okawaru
  6135 | D:6      | Noticed Sigmund
  6156 | D:6      | Killed Sigmund
  6157 | D:6      | Reached skill level 5 in Fighting
  6157 | D:6      | Reached skill level 5 in Throwing
  6157 | D:6      | Reached skill level 5 in Evocations
  6252 | D:6      | Got a smouldering leather armour
  6313 | D:6      | Identified the +3 leather armour "Jauschah" {-Tele Harm
                  | rElec} (You found it on level 6 of the Dungeon)
  6577 | D:7      | Noticed a hornet
  6589 | D:7      | Killed a hornet
  6590 | D:7      | Reached skill level 5 in Invocations
  7343 | D:8      | Reached XP level 10. HP: 63/74 MP: 17/17
  7467 | D:8      | Reached **** piety under Okawaru
  7786 | D:8      | Reached skill level 5 in Short Blades
  7786 | D:8      | Reached skill level 5 in Long Blades
  7786 | D:8      | Reached skill level 5 in Polearms
  7786 | D:8      | Reached skill level 5 in Staves
  7786 | D:8      | Reached skill level 5 in Slings
  7786 | D:8      | Reached skill level 5 in Bows
  7786 | D:8      | Reached skill level 5 in Crossbows
  7786 | D:8      | Reached skill level 5 in Dodging
  7786 | D:8      | Reached skill level 5 in Stealth
  7786 | D:8      | Reached skill level 5 in Shields
  7786 | D:8      | Reached skill level 5 in Unarmed Combat
  7786 | D:8      | Reached skill level 5 in Spellcasting
  8359 | D:9      | You fall into a shaft and drop 2 floors!
  8360 | D:11     | Noticed a green ugly thing
  8366 | D:11     | Killed a green ugly thing
  8404 | D:10     | Entered Level 10 of the Dungeon
  8510 | D:9      | Found a white marble altar of Elyvilon.
  9093 | D:9      | Found a staircase to the Orcish Mines.
  9359 | Orc:1    | Entered Level 1 of the Orcish Mines
  9367 | Orc:1    | Reached ***** piety under Okawaru
  9381 | Orc:1    | Received a gift from Okawaru
  9671 | Orc:2    | Entered Level 2 of the Orcish Mines
  9671 | Orc:2    | Found a staircase to the Elven Halls.
  9761 | Orc:2    | Noticed an orc sorcerer
  9772 | Orc:2    | Killed an orc sorcerer
  9773 | Orc:2    | Reached XP level 11. HP: 55/83 MP: 19/19
 10178 | Orc:2    | Noticed a two-headed ogre
 10181 | Orc:2    | Noticed a two-headed ogre
 10181 | Orc:2    | Noticed a two-headed ogre
 10228 | Orc:1    | Killed a two-headed ogre
 10229 | Orc:1    | Reached skill level 5 in Conjurations
 10229 | Orc:1    | Reached skill level 5 in Hexes
 10229 | Orc:1    | Reached skill level 5 in Summonings
 10229 | Orc:1    | Reached skill level 5 in Necromancy
 10229 | Orc:1    | Reached skill level 5 in Translocations
 10229 | Orc:1    | Reached skill level 5 in Transmutations
 10229 | Orc:1    | Reached skill level 5 in Fire Magic
 10229 | Orc:1    | Reached skill level 5 in Ice Magic
 10229 | Orc:1    | Reached skill level 5 in Air Magic
 10229 | Orc:1    | Reached skill level 5 in Earth Magic
 10229 | Orc:1    | Reached skill level 5 in Poison Magic
 10383 | Orc:2    | Noticed a two-headed ogre
 10391 | Orc:1    | Killed a two-headed ogre
 10391 | Orc:1    | Received a gift from Okawaru
 10398 | Orc:1    | Killed a two-headed ogre
 10404 | Orc:1    | Received a gift from Okawaru
 10775 | Orc:2    | Noticed a two-headed ogre
 10781 | Orc:1    | Killed a two-headed ogre
 10840 | Orc:2    | Noticed a two-headed ogre
 10840 | Orc:2    | Noticed an ogre mage
 10848 | Orc:1    | Killed a two-headed ogre
 10912 | Orc:2    | Noticed a two-headed ogre
 10912 | Orc:2    | Noticed a two-headed ogre
 10914 | Orc:2    | Noticed an ogre mage
 10924 | Orc:1    | Killed a two-headed ogre
 11156 | Orc:2    | Noticed a two-headed ogre
 11165 | Orc:1    | Killed a two-headed ogre
 11175 | Orc:1    | Killed a two-headed ogre
 11390 | Orc:1    | Killed a two-headed ogre
 11397 | Orc:1    | Reached XP level 12. HP: 56/91 MP: 20/22
 11674 | Orc:2    | Noticed a two-headed ogre
 11674 | Orc:2    | Noticed a two-headed ogre
 11683 | Orc:1    | Killed an ogre mage
 11687 | Orc:2    | Noticed a two-headed ogre
 11703 | Orc:1    | Killed a two-headed ogre
 11710 | Orc:1    | Killed a two-headed ogre
 11710 | Orc:1    | Received a gift from Okawaru
 11845 | Orc:1    | Killed a two-headed ogre
 12117 | Orc:1    | Killed an ogre mage
 12120 | Orc:1    | Got an encrusted arbalest {god gift}
 12149 | Orc:2    | Noticed an ogre mage
 12180 | Orc:1    | Killed an ogre mage
 12461 | Orc:2    | Noticed an ogre mage
 12468 | Orc:2    | Killed an ogre mage
 12504 | Orc:2    | Reached skill level 10 in Maces & Flails
 12703 | Orc:2    | Found Hiocoel's Weapon Shop.
 12703 | Orc:2    | Found Vecral's Weapon Emporium.
 12703 | Orc:2    | Found Xeweenuc's Assorted Antiques.
 12703 | Orc:2    | Found Nosiab's Armour Boutique.
 12765 | Orc:2    | Found Coazuteq's General Store.
 12773 | Orc:2    | Bought a scroll of fog for 36 gold pieces
 13737 | D:10     | Received a gift from Okawaru
 14233 | D:10     | Found Unebbieg's Assorted Antiques.
 14579 | D:11     | Noticed a death yak
 14579 | D:11     | Noticed a death yak
 14581 | D:11     | Noticed a death yak
 14611 | D:10     | Killed a death yak
 14612 | D:10     | Reached XP level 13. HP: 83/98 MP: 24/24
 14684 | D:11     | Received a gift from Okawaru
 14797 | D:11     | Received a gift from Okawaru
 14989 | D:11     | Found a staircase to the Lair.
 15629 | D:11     | Found Guusimib's Armour Boutique.
 16401 | Lair:1   | Entered Level 1 of the Lair of Beasts
 16599 | Lair:1   | Learned a level 2 spell: Blink
 16808 | Lair:1   | Found a runed translucent gate.
 16808 | Lair:1   | Found a runed translucent gate.
 16808 | Lair:1   | Found a runed translucent gate.
 16814 | Lair:1   | Noticed Uretham's ghost (novice OpSu)
 16814 | Lair:1   | Noticed Zomocvol's ghost (journeyman HOBe)
 17650 | Lair:1   | Got a brightly glowing marble ring
 17659 | Lair:1   | Identified the ring of Vehumet's Displeasure {rF+ Will+}
                  | (You found it on level 1 of the Lair of Beasts)
 18461 | Lair:2   | Received a gift from Okawaru
 19296 | Lair:3   | Received a gift from Okawaru
 19657 | Lair:3   | Found a staircase to the Shoals.
 19955 | Lair:3   | Reached ****** piety under Okawaru
 19956 | Lair:3   | Reached XP level 14. HP: 67/108 MP: 26/26
 20340 | Lair:4   | Found a runed translucent gate.
 20340 | Lair:4   | Found a runed translucent gate.
 20340 | Lair:4   | Found a runed translucent gate.
 20356 | Lair:4   | Noticed destino's ghost (novice FeFE)
 20380 | Lair:4   | Reached skill level 10 in Axes
 20380 | Lair:4   | Reached skill level 10 in Armour
 20392 | Lair:4   | Found a staircase to the Snake Pit.
 20889 | Lair:4   | Killed destino's ghost
 21939 | Lair:5   | Noticed Urug
 21962 | Lair:5   | Killed Urug
 22185 | Lair:5   | Noticed an entropy weaver
 22185 | Lair:5   | Noticed an entropy weaver
 22216 | Lair:5   | Killed an entropy weaver
 22217 | Lair:5   | Reached skill level 10 in Invocations
 22365 | Lair:5   | Killed an entropy weaver
 22562 | Lair:5   | Noticed Josephine
 22574 | Lair:5   | Killed Josephine
 22843 | Lair:6   | Entered Level 6 of the Lair of Beasts
 23178 | Lair:6   | Noticed Snorg
 23216 | Lair:5   | Killed Snorg
 23351 | Lair:5   | Received a gift from Okawaru
 23602 | Lair:6   | Received a gift from Okawaru
 23704 | Lair:5   | Reached skill level 10 in Fighting
 23704 | Lair:5   | Reached skill level 10 in Throwing
 23704 | Lair:5   | Reached skill level 10 in Evocations
 23847 | Lair:4   | Received a gift from Okawaru
 23942 | Lair:5   | Reached XP level 15. HP: 46/115 MP: 26/28
 25157 | Lair:6   | Reached skill level 10 in Short Blades
 25157 | Lair:6   | Reached skill level 10 in Long Blades
 25157 | Lair:6   | Reached skill level 10 in Polearms
 25157 | Lair:6   | Reached skill level 10 in Staves
 25157 | Lair:6   | Reached skill level 10 in Slings
 25157 | Lair:6   | Reached skill level 10 in Bows
 25157 | Lair:6   | Reached skill level 10 in Crossbows
 25157 | Lair:6   | Reached skill level 10 in Dodging
 25157 | Lair:6   | Reached skill level 10 in Stealth
 25157 | Lair:6   | Reached skill level 10 in Shields
 25157 | Lair:6   | Reached skill level 10 in Unarmed Combat
 25157 | Lair:6   | Reached skill level 10 in Spellcasting
 25208 | Lair:6   | Learned a level 1 spell: Animate Skeleton
 25598 | Lair:6   | Found a viscous altar of Jiyva.
 25598 | Lair:6   | Found a staircase to the Slime Pits.
 26187 | Lair:1   | Killed Zomocvol's ghost
 26206 | Lair:1   | Killed Uretham's ghost
 26216 | Lair:1   | Got a dazzling battleaxe
 26518 | D:12     | Noticed Sonja
 26748 | D:12     | Got a buzzing chain mail
 26759 | D:12     | Identified the +5 chain mail of Pride {rC+ Str+4 Dex+4}
                  | (You found it on level 12 of the Dungeon)
 26940 | D:12     | Killed Sonja
 27251 | D:12     | Received a gift from Okawaru
 27620 | D:13     | Received a gift from Okawaru
 28346 | D:13     | Found a gate to the Vaults.
 29218 | D:14     | Reached XP level 16. HP: 124/124 MP: 30/30
 29231 | D:14     | Identified a scroll of acquirement
 29232 | D:14     | Acquired the amulet "Quir" {RegenMP +Blink rF++ rC+ Stlth-}
 29994 | D:15     | Entered Level 15 of the Dungeon
 30082 | D:15     | Received a gift from Okawaru
 30174 | D:15     | Found Vifi's Gadget Boutique.
 30188 | D:15     | Bought a lightning rod (4/4) for 450 gold pieces
 30528 | D:15     | Noticed Kirke
 30763 | D:15     | Killed Kirke
 30784 | D:15     | Received a gift from Okawaru
 30982 | D:15     | Found a transporter.
 31777 | D:15     | Gained mutation: You possess an exceptional clarity of
                  | mind. [a neqoxec]
 31813 | D:15     | Got an ancient steel ring
 31815 | D:15     | Identified the ring "Teevook" {Wiz rN+} (You found it on
                  | level 15 of the Dungeon)
 31822 | D:15     | Learned a level 5 spell: Bolt of Magma
 31949 | D:15     | Found Efojycw's Jewellery Shop.
 31963 | D:15     | Bought an uncursed ring of resist corrosion for 340 gold
                  | pieces
 32058 | D:15     | Noticed a sphinx
 32075 | D:15     | Killed a sphinx
 32075 | D:15     | Received a gift from Okawaru
 32173 | D:15     | Found a staircase to the Depths.
 32217 | D:15     | Found a transporter.
 32537 | D:15     | Found Jihyruik's Antique Armour Shop.
 32552 | D:15     | Bought a steaming plate armour for 1036 gold pieces
 32566 | D:15     | Identified the cursed +0 plate armour of Foepuida {rC+
                  | Will- Str+2} (You bought it in a shop on level 15 of the
                  | Dungeon)
 32590 | D:15     | Noticed Azrael
 32650 | D:15     | Killed Azrael
 32674 | D:15     | Got a faintly glowing iron ring
 32676 | D:15     | Identified the ring "Pimybowa" {rF+ MP+9 Dex+5 SInv} (You
                  | found it on level 15 of the Dungeon)
 32885 | D:15     | Got a heavily runed amber ring
 32887 | D:15     | Identified the ring of Xaunown {*Tele Int+4} (You found it
                  | on level 15 of the Dungeon)
 33484 | Shoals:1 | Entered Level 1 of the Shoals
 33571 | Shoals:1 | Reached XP level 17. HP: 96/131 MP: 32/32
 34612 | Shoals:1 | Received a gift from Okawaru
 34941 | Shoals:1 | Noticed a kraken
 34941 | Shoals:1 | Noticed a kraken
 35915 | Shoals:2 | Received a gift from Okawaru
 36469 | Shoals:2 | Received a gift from Okawaru
 36780 | Shoals:3 | Noticed Ilsuiw
 36836 | Shoals:3 | Killed Ilsuiw
 39022 | Shoals:4 | Entered Level 4 of the Shoals
 39048 | Shoals:4 | Received a gift from Okawaru
 39051 | Shoals:4 | Reached skill level 10 in Conjurations
 39051 | Shoals:4 | Reached skill level 10 in Hexes
 39051 | Shoals:4 | Reached skill level 10 in Summonings
 39051 | Shoals:4 | Reached skill level 10 in Necromancy
 39051 | Shoals:4 | Reached skill level 10 in Translocations
 39051 | Shoals:4 | Reached skill level 10 in Transmutations
 39051 | Shoals:4 | Reached skill level 10 in Fire Magic
 39051 | Shoals:4 | Reached skill level 10 in Ice Magic
 39051 | Shoals:4 | Reached skill level 10 in Air Magic
 39051 | Shoals:4 | Reached skill level 10 in Earth Magic
 39051 | Shoals:4 | Reached skill level 10 in Poison Magic
 39064 | Shoals:4 | HP: 2/133 [merfolk aquamancer/torrent of water (34)]
 40479 | Shoals:4 | Got a barnacled rune of Zot
 40866 | Shoals:4 | Received a gift from Okawaru
 41541 | Shoals:3 | Received a gift from Okawaru
 41846 | Shoals:3 | Reached XP level 18. HP: 99/140 MP: 33/33
 42252 | Shoals:4 | Identified the cursed +1 mace of Dullness {freeze, Int+4
                  | Dex+2}
 42291 | Shoals:4 | Received a gift from Okawaru
 43631 | Slime:1  | Entered Level 1 of the Pits of Slime
 44013 | Lair:6   | Received a gift from Okawaru
 44835 | Slime:2  | Gained mutation: Armour fits poorly on your strangely
                  | shaped body. [a shining eye]
 44910 | Slime:2  | Received a gift from Okawaru
 45782 | Slime:2  | Received a gift from Okawaru
 45791 | Slime:2  | Got an iridescent broad axe {god gift}
 45792 | Slime:2  | Identified the +11 broad axe of Insomnia {flame, *Contam
                  | rN+ Stlth+} (Okawaru gifted it to you on level 2 of the
                  | Pits of Slime)
 45918 | Slime:2  | You are sucked into a shaft and drop 1 floor!
 46190 | Slime:3  | Gained mutation: Your mind is acute. (Int +2) [a shining
                  | eye]
 46781 | Slime:2  | Received a gift from Okawaru
 47903 | Slime:4  | Paralysed by a great orb of eyes for 6 turns
 47989 | Slime:4  | Received a gift from Okawaru
 47992 | Slime:4  | Got an ancient lajatang {god gift}
 48098 | Slime:3  | Gained mutation: You are occasionally teleported next to
                  | monsters. [a shining eye]
 48101 | Slime:3  | Gained mutation: Your mind is very acute. (Int +4) [a
                  | shining eye]
 48538 | Slime:5  | Entered Level 5 of the Pits of Slime
 48730 | Slime:5  | Reached XP level 19. HP: 132/148 MP: 35/35
 49146 | Slime:4  | Paralysed by a floating eye for 4 turns
 49270 | Slime:4  | Received a gift from Okawaru
 49678 | Slime:5  | Gained mutation: Your body sometimes deteriorates upon
                  | taking damage. [a shining eye]
 49783 | Slime:5  | Gained mutation: Your body often deteriorates upon taking
                  | damage. [a shining eye]
 50614 | Slime:5  | Found a viscous altar of Jiyva.
 50615 | Slime:5  | Noticed the Royal Jelly
 50637 | Slime:5  | Paralysed by a great orb of eyes for 2 turns
 51389 | Slime:5  | Killed the Royal Jelly
 52317 | Slime:5  | Got a slimy rune of Zot
 52351 | Slime:5  | Got a coiled tin ring
 52353 | Slime:5  | Identified the ring of Hocim {*Tele rN+} (You found it on
                  | level 5 of the Pits of Slime)
 52379 | Slime:5  | Got a twitching tin ring
 52381 | Slime:5  | Identified the ring "Pufoune" {rPois rF+ rN+} (You found it
                  | on level 5 of the Pits of Slime)
 52406 | Slime:5  | Got a crude granite ring
 52408 | Slime:5  | Identified the ring of Poeg {Fire rElec rN+} (You found it
                  | on level 5 of the Pits of Slime)
 52411 | Slime:5  | Got a twisted broad axe
 52412 | Slime:5  | Identified the +6 broad axe of Eternal Night {flame, rF+
                  | Will+ Str+3 Int+2} (You found it on level 5 of the Pits of
                  | Slime)
 52431 | Slime:5  | Got a smoking silver ring
 52433 | Slime:5  | Identified the ring "Kegyqu" {rF+ MP+9 Int-4 SInv Stlth-}
                  | (You found it on level 5 of the Pits of Slime)
 52762 | Slime:1  | Received a gift from Okawaru
 53457 | Snake:1  | Entered Level 1 of the Snake Pit
 53466 | Snake:1  | Acquired the ring "Xamayblera" {rPois Str+4 Int+5 Stlth+}
 53520 | Snake:1  | Found Plog's Armour Shop.
 53677 | Snake:1  | Found Xiqaniw's Magic Scroll Boutique.
 53681 | Snake:1  | Found Mimmay's Antique Armour Shop.
 53796 | Snake:1  | Received a gift from Okawaru
 54678 | Snake:2  | Noticed Asterion
 54685 | Snake:2  | Killed Asterion
 54685 | Snake:2  | Received a gift from Okawaru
 55051 | Snake:2  | Noticed Aizul
 55084 | Snake:2  | Killed Aizul
 55104 | Snake:2  | Received a gift from Okawaru
 55110 | Snake:2  | Reached XP level 20. HP: 82/156 MP: 37/37
 56121 | Snake:3  | Received a gift from Okawaru
 56595 | Snake:3  | Received a gift from Okawaru
 56979 | Snake:3  | Noticed Roxanne
 57001 | Snake:3  | Killed Roxanne
 57458 | Snake:4  | Entered Level 4 of the Snake Pit
 57495 | Snake:4  | Noticed Saint Roka
 57507 | Snake:4  | Killed Saint Roka
 57710 | Snake:4  | Received a gift from Okawaru
 58627 | Snake:4  | Identified the +7 tower shield of Prudence {Dex+2 Slay+4}
 58627 | Snake:4  | Noticed Louise
 59102 | Snake:4  | Reached XP level 21. HP: 164/164 MP: 38/38
 59332 | Snake:4  | Killed Louise
 59763 | Snake:4  | Received a gift from Okawaru
 60135 | Snake:4  | Reached skill level 15 in Maces & Flails
 60572 | Snake:4  | Got a serpentine rune of Zot
 60830 | Elf:1    | Entered Level 1 of the Elven Halls
 60947 | Elf:1    | Received a gift from Okawaru
 61020 | Elf:1    | Reached skill level 15 in Invocations
 61177 | Elf:1    | Received a gift from Okawaru
 61281 | Elf:1    | Noticed Frances
 61322 | Elf:1    | HP: 1/165 [deep elf sorcerer/damnation (44)]
 61325 | Elf:1    | Splashed by a deep elf sorcerer's acid

Illustrated notes

Levels and vault maps discovered:
D:1:      minmay_arrival_loop, layout_basic
D:2:      layout_loops_ring, serial_bayou, serial_bayou_shore_a,
          serial_bayou_lagoon_b, serial_bayou_ford_a, serial_bayou_pond_c,
          serial_bayou_pond_d, serial_bayou_shore_b, minmay_misc_feat_cross
D:3:      kennysheep_the_goblin_king, layout_rooms, grunt_temple_overflow_open,
          minmay_diced_spiral, uniq_natasha
D:4:      layout_basic, general_overflow_altar,
          chequers_temple_overflow_statue_of_worship, temple_hall,
          ebering_ghost_disaster_area
D:5:      layout_loops_ring, fedhas_altar_1, serial_shops, shop,
          minmay_ruined_shrine, uniq_ijyb
D:6:      layout_basic, nzn_hepliaklqana_mist_gate, uniq_maggie, uniq_sigmund
D:7:      layout_rooms, minmay_misc_feat_pillars, minivault_1, st_stairs_14
D:8:      layout_loops_cross, minmay_door_square
D:9:      layout_loops_cross, elyvilon_altar_3, orc_0_dummy
D:10:     layout_loops_ring, serial_shops, nicolae_shop_window_shopping
D:11:     layout_stronghold, dpeg_lair_monsters, serial_shops,
          nicolae_shop_trees
D:12:     layout_gridville, uniq_sonja
D:13:     layout_stronghold, david_vaults_3
D:14:     layout_cave_pools, kennysheep_cross_room
D:15:     hangedman_spin_cycle
Lair:1:   cheibrodos_lair_river_kwai, layout_hall_layers,
          gammafunk_ghost_cemetery, grunt_megastairs_2
Lair:2:   layout_cave_shapes, st_stairs_7
Lair:3:   layout_cave_pods, minmay_shoals_entry_hut
Lair:4:   layout_roguey, dummy_snake_entry, gammafunk_ghost_necromancy,
          lookout_lair_type
Lair:5:   layout_gridlike, wad_woods_antlair, uniq_urug, uniq_josephine
Lair:6:   minmay_lair_end_frog_pond, layout_regular_city,
          dpeg_slime_entry_enclosed_altar, bobbens_dragon_lair_wall,
          serial_bayou_shore_b, uniq_snorg, uniq_kirke
Shoals:1: layout_shoals, argonaut_gorgonesque
Shoals:2: layout_shoals
Shoals:3: layout_shoals, uniq_ilsuiw
Shoals:4: shoals_end_grunt_ice, layout_shoals, shoals_ilsuiw_ice,
          nicolae_shoals_hunting_party
Snake:1:  layout_basic, minmay_shop_star, lemuel_fruit_tree
Snake:2:  layout_basic, drop_trap, serial_bayou_pond_d,
          nrook_guardian_serpent_ordinary, uniq_aizul, uniq_asterion
Snake:3:  layout_onion_interference, guppyfry_snake_island, grunt_megastairs_4,
          serial_bayou_shore_b, uniq_roxanne, uniq_azrael
Snake:4:  grunt_snake_rune_serpentine_throne, layout_layer_cave,
          uniq_saint_roka, uniq_louise
Slime:1:  layout_caves
Slime:2:  layout_caves, nicolae_slime_phagocytosis
Slime:3:  layout_caves
Slime:4:  layout_caves
Slime:5
Orc:1:    layout_caves
Orc:2:    st_orc_ogre_mass, layout_caves, serial_shops,
          nicolae_shop_behind_doors
Elf:1:    layout_onion_city, hangedman_elf_disciples, onia_ninara_cookie,
          uniq_frances, uniq_donald

Skill      XL: |  1  2  3  4  5  6  7  8  9 10 11 12 13 14 15 16 17 18 19 20 21 |
---------------+----------------------------------------------------------------+-----
Invocations    | 1 2 3 4 5 6 7 8 9 10 11 12 13 14 15 | 15.0
Short Blades   | 1 2 3 4 5 6 7 8 9 10 11 12 13 14 | 14.0
Long Blades    | 1 2 3 4 5 6 7 8 9 10 11 12 13 14 | 14.0
Polearms       | 1 2 3 4 5 6 7 8 9 10 11 12 13 14 | 14.0
Staves         | 1 2 3 4 5 6 7 8 9 10 11 12 13 14 | 14.0
Slings         | 1 2 3 4 5 6 7 8 9 10 11 12 13 14 | 14.0
Bows           | 1 2 3 4 5 6 7 8 9 10 11 12 13 14 | 14.0
Crossbows      | 1 2 3 4 5 6 7 8 9 10 11 12 13 14 | 14.0
Dodging        | 1 2 3 4 5 6 7 8 9 10 11 12 13 14 | 14.0
Stealth        | 1 2 3 4 5 6 7 8 9 10 11 12 13 14 | 14.0
Shields        | 1 2 3 4 5 6 7 8 9 10 11 12 13 14 | 14.0
Unarmed Combat | 1 2 3 4 5 6 7 8 9 10 11 12 13 14 | 14.0
Spellcasting   | 1 2 3 4 5 6 7 8 9 10 11 12 13 14 | 14.0
Conjurations   | 1 2 3 4 5 6 7 8 9 10 11 12 | 12.0
Hexes          | 1 2 3 4 5 6 7 8 9 10 11 12 | 12.0
Summonings     | 1 2 3 4 5 6 7 8 9 10 11 12 | 12.0
Necromancy     | 1 2 3 4 5 6 7 8 9 10 11 12 | 12.0
Translocations | 1 2 3 4 5 6 7 8 9 10 11 12 | 12.8
Transmutations | 1 2 3 4 5 6 7 8 9 10 11 12 | 12.0
Fire Magic     | 1 2 3 4 5 6 7 8 9 10 11 12 | 12.0
Ice Magic      | 1 2 3 4 5 6 7 8 9 10 11 12 | 12.0
Air Magic      | 1 2 3 4 5 6 7 8 9 10 11 12 | 12.0
Earth Magic    | 1 2 3 4 5 6 7 8 9 10 11 12 | 12.0
Poison Magic   | 1 2 3 4 5 6 7 8 9 10 11 12 | 12.0
Fighting       | 3 4 5 6 7 8 9 10 11 12 13 14 | 14.1
Throwing       | 3 4 5 6 7 8 9 10 11 12 13 14 | 14.1
Evocations     | 3 4 5 6 7 8 9 10 11 12 13 14 | 14.1
Axes           | 5 6 7 8 9 10 11 12 13 14 | 14.5
Armour         | 5 6 7 8 9 10 11 12 13 14 | 14.5
Maces & Flails | 7 8 9 10 11 12 13 14 15 | 15.1

Action                   |  1- 3 |  4- 6 |  7- 9 | 10-12 | 13-15 | 16-18 | 19-21 || total
-------------------------+-------+-------+-------+-------+-------+-------+-------++-------
Melee: Mace              |   111 |   114 |       |       |       |       |       ||   225
       Bite              |    13 |    13 |    43 |    91 |   306 |   445 |   157 ||  1068
       Flail             |       |    39 |   355 |   617 |  1782 |  1753 |       ||  4546
       Broad axe         |       |       |       |       |       |   102 |   786 ||   888
Throw: Boomerang         |       |    13 |    39 |   150 |   355 |       |       ||   557
       Dart              |       |       |       |     2 |       |    15 |       ||    17
       Javelin           |       |       |       |       |    20 |   250 |   316 ||   586
 Cast: Blink             |       |       |       |       |     5 |     1 |     2 ||     8
       Animate Skeleton  |       |       |       |       |     1 |     1 |       ||     2
       Bolt of Magma     |       |       |       |       |       |     5 |    14 ||    19
Invok: Heroism           |       |       |     1 |     8 |    18 |    20 |     8 ||    55
       Finesse           |       |       |       |       |     2 |     1 |     4 ||     7
Evoke: Wand              |       |       |       |       |    11 |     4 |     1 ||    16
       Lightning rod     |       |       |       |       |       |     8 |     2 ||    10
  Use: Scroll            |     2 |       |     9 |     6 |    16 |    10 |    14 ||    57
       Potion            |       |       |       |     2 |     2 |     7 |     5 ||    16
 Stab: Petrified         |       |       |       |       |     3 |       |       ||     3
       Distracted        |       |       |       |       |       |     2 |     3 ||     5
       Sleeping          |       |       |       |       |       |     1 |     5 ||     6
Armor: Scale mail        |    60 |    72 |    51 |       |       |       |       ||   183
       Chain mail        |       |       |   121 |   197 |   781 |   855 |   273 ||  2227
Dodge: Dodged            |    49 |    65 |   152 |   526 |  1380 |  1384 |   497 ||  4053
Block: Buckler           |       |    16 |    68 |   276 |   944 |  1177 |    69 ||  2550
       Kite shield       |       |       |       |       |       |       |   784 ||   784
